Unix NetHack Version 3.7.0-62 Work-in-progress - last build Aug 4 2022 03:48:56 (8bd5414674b775bef5d068a120b40f2ec888f2f1,branch:master). Game began 2022-08-05 22:09:16, ended 2022-08-05 23:58:29. finitelycraig, lawful female dwarven Valkyrie -------------- |.........{...### ----- |............| ## #^### #....| -----.---.---- # #######|._.| # ##### # #|...| # # ## |...| ###### ## |...| --|-- -|----------- a |<..| |...| #|............ ----- |...| ##....).......| |...| ##|......>....| ## #-----.---------- |.@.-######|............#####DA...LG.D&WV@...H. |...| #|...........| #|=(./@@Y+@L@Z)(| |...+ ------------- +?[F@hD!NeH&d/[| ----- |((!)P&%[=+(%+?| ---------------- Finitelycraig the Fighter St:17 Dx:12 Co:19 In:10 Wi:9 Ch:10 Lawful Dlvl:9 $:304 HP:0(105) Pw:11(11) AC:5 Xp:9/4472 T:14413 Blind Hallu Latest messages: You feel something move nearby. The titanothere starts to attack you, but pulls back. The gnome starts to attack you, but pulls back. The Green-elf starts to attack you, but pulls back. The monkey starts to attack you, but pulls back. The yellow light starts to attack you, but pulls back. You finish your prayer. You feel that Tyr is pleased as punch. You feel much better. Wait! There's something there you can't see! It explodes! You seem unaffected by it. The baby black dragon bites! The green slime hits! The catoblepas hits! The seesawing sphere misses! The guardian naga hatchling stings! The warg bites! You try to feel what is lying here on the floor. You feel here a giant spider corpse. The black pudding bites! The couatl misses! An ogre lady suddenly appears! Wait! There's something there you can't see! The ampoule crashes on your head and breaks into shards. You feel rather tired. The clay golem bites! The yellow light hits! The brown mold hits! The quale bites! The stone golem stings! The iron piercer touches you! The fog cloud bites! The fox hits! The barbed devil hits! The Ravenous Bugblatter Beast of Traal bites! The Borg stings! The lurker above's sting was poisoned! You can move again. It divides as you hit it! The lichen touches you! The mumak bites! The baby orange dragon hits! The aliasing priest hits! The fire elemental bites! The leocrotta misses! You kill the black naga! The obelus touches you! The orange dragon bites! You die... Major events: Turn 1: finitelycraig the lawful dwarven Valkyrie entered the dungeon 856: entered the Gnomish Mines 1056: attained the rank of Skirmisher (level 3) 1465: reached Mine Town 2275: attained the rank of Fighter (level 6) 4508: entered Sokoban 5071: completed sokoban 2 7545: completed sokoban 3 12072: was bestowed with Mjollnir by Tyr 14413: killed by a hallucinogen-distorted red naga Inventory: Weapons (')') l - the uncursed rustproof +0 Mjollnir (weapon in hand) Armor ('[') J - an uncursed +0 orcish helm (being worn) c - an uncursed +0 small shield (being worn) L - an uncursed +0 cloak of invisibility (being worn) E - an uncursed +0 oilskin cloak O - an uncursed +0 leather armor (being worn) Comestibles ('%') g - an uncursed lizard corpse Scrolls ('?') Q - an uncursed scroll of blank paper U - an uncursed scroll of blank paper V - an uncursed scroll of blank paper W - an uncursed scroll of blank paper Potions ('!') i - an uncursed potion of water Wands ('/') o - an uncursed wand of cancellation (0:6) d - an uncursed wand of locking (0:-1) M - an uncursed wand of locking (0:-1) s - an uncursed wand of probing (0:-1) j - an uncursed wand of secret door detection (0:-1) k - an uncursed wand of striking (0:-1) p - an uncursed wand of striking (0:-1) Tools ('(') P - an empty uncursed bag of holding b - an uncursed sack containing 28 items H - an uncursed lock pick I - an uncursed magic lamp e - an uncursed oil lamp A - an uncursed tin whistle C - an uncursed tin whistle t - an uncursed towel h - an uncursed +0 unicorn horn R - an uncursed +0 unicorn horn Gems/Stones ('*') w - an uncursed chrysoberyl stone S - an uncursed emerald G - an uncursed worthless piece of green glass K - an uncursed worthless piece of red glass z - an uncursed worthless piece of violet glass v - 2 uncursed worthless pieces of white glass B - 5 uncursed worthless pieces of yellowish brown glass Contents of the sack: 165 gold pieces an uncursed amulet of ESP 3 uncursed eggs 3 uncursed lichen corpses a blessed scroll of amnesia an uncursed scroll of confuse monster 3 uncursed scrolls of create monster a cursed scroll of create monster 2 uncursed scrolls of earth a blessed scroll of enchant weapon an uncursed scroll of fire an uncursed scroll of food detection an uncursed scroll of genocide an uncursed scroll of genocide a cursed scroll of identify an uncursed scroll of taming an uncursed scroll of teleportation a cursed potion of full healing an uncursed potion of invisibility a cursed potion of paralysis a potion of holy water an uncursed ring of cold resistance an uncursed ring of cold resistance an uncursed ring of free action an uncursed -3 ring of gain constitution an uncursed ring of stealth an uncursed ring of sustain ability an uncursed +0 pick-axe Finitelycraig the Valkyrie's attributes: Background: You were a Fighter, a level 9 dwarven Valkyrie. You were lawful, on a mission for Tyr who was opposed by Odin (neutral) and Loki (chaotic). You were in the Dungeons of Doom, on level 9. You entered the dungeon 14413 turns ago. It was nighttime. You had 4472 experience points, 648 more were needed to attain level 10. Basics: You had 0 out of 105 hit points. You had all 11 energy points (spell power). Your armor class was 5. Your wallet contained 304 quatloos. Autopickup was on for '$?!"=/*', with exceptions. Final Characteristics: Your strength was 17 (peak:18, limit:18/100). Your dexterity was 12 (limit:20). Your constitution was 19 (limit:20). Your intelligence was 10 (limit:16). Your wisdom was 9 (limit:16). Your charisma was 10 (limit:16). Final Status: You were hallucinating. You were temporarily blind. You were not hungry. You were unencumbered. You were wielding a hammer. You were skilled in hammer. Final Attributes: You were piously aligned. You were cold resistant. You were telepathic. You had infravision. You were invisible. You were stealthy. You were warded. You are dead. Miscellaneous: You disabled loading of bones levels. Total elapsed playing time was 1 hour, 49 minutes and 13 seconds. Vanquished creatures: a giant mimic 3 small mimics an ogre leader a large dog 2 tigers 2 ochre jellies an elf mummy 2 Grey-elves 3 chameleons a quivering blob a cockatrice a wolf a lynx a leprechaun an iron piercer 3 giant spiders a scorpion a horse 2 black lights 3 vampire bats an orc mummy 3 ogres a rust monster an owlbear 3 yetis a gold golem 3 werewolves a Green-elf 2 lizards 3 chickatrices a dingo 2 housecats a jaguar 3 blue jellies a gray unicorn 2 black unicorns 4 dust vortices 2 gnome mummies a snake a human zombie an imp a wood nymph 3 Mordor orcs 8 Uruk-hai a rock mole 3 ponies 3 fog clouds 4 yellow lights 2 violet fungi 2 gnomish wizards a golden naga hatchling a gray ooze 2 elf zombies 2 ghouls a straw golem 5 giant ants 5 floating eyes 5 homunculi a kobold leader a kobold shaman 13 hill orcs 11 rothes a rabid rat a centipede 3 giant bats an orc zombie a dwarf zombie a wererat a werejackal 5 iguanas 3 killer bees an acid blob a coyote 2 gas spores a hobbit 6 manes 3 large kobolds 2 hobgoblins 5 giant rats 9 cave spiders a brown mold 2 yellow molds 7 gnomes a gnome zombie 9 geckos 15 jackals a fox 6 goblins 3 sewer rats 9 grid bugs a bat 8 lichens 4 kobold zombies 9 newts 268 creatures vanquished. No species were genocided or became extinct. Voluntary challenges: You read items or engraved 13 times. You engraved Elbereth 6 times. You never genocided any monsters. You never polymorphed an object. You never changed form. You used no wishes. You did not violate any of the special Sokoban rules. Achievements: You entered a shop. You entered the Gnomish Mines. You attained the rank of Skirmisher. You entered Minetown. You entered a temple. You attained the rank of Fighter. You entered Sokoban. The Dungeons of Doom: levels 1 to 10 Level 1: A sink. Level 2: A general store, an altar to Tyr. Level 3: Stairs down to The Gnomish Mines. Level 4: An altar. Level 5: Some altars, many fountains. Level 6: Level 7: An armor shop, a fountain. Stairs up to Sokoban, level 6. Level 8: A fountain. Level 9: <- You were here. An altar, a fountain. Final resting place for you, killed by a hallucinogen-distorted red naga. Level 10: A fountain. The Gnomish Mines: levels 4 to 8 Level 4: Level 5: Level 6: Level 7: Many shops, a temple, some fountains. Level 8: Sokoban: levels 6 up to 3 Level 3: Unsolved. Level 4: Solved. Level 5: Solved. Level 6: Unsolved. Game over: ---------- / \ / REST \ / IN \ / PEACE \ / \ | finitelycraig | | 469 Au | | killed by a | | hallucinogen-dis | | torted red naga | | | | 2022 | *| * * * | * _________)/\\_//(\/(/\)/\//\/|_)_______ Farvel finitelycraig the Valkyrie... You died in The Dungeons of Doom on dungeon level 9 with 18781 points, and 469 pieces of gold, after 14413 moves. You were level 9 with a maximum of 105 hit points when you died.